 Dungeon Sprint DCSS version 0.31-a0-971-g75a2e9a4b4 (webtiles) character file.

Game seed: 4362769676845832266

145 fozzywoppz the Trooper (level 5, -2/45 HPs)
             Began as a Demonspawn Gladiator on Oct 28, 2023.
             Slain by a scorpion (7 damage)
             ... in the Dungeon (Sprint IX: "|||||||||||||||||||||||||||||").
             The game lasted 00:00:54 (70 turns).

fozzywoppz the Trooper (Demonspawn Gladiator)         Turns: 70, Time: 00:00:54

Health: -2/45      AC:  2    Str: 16    XL:     5   Next: 6%
Magic:  5/5        EV: 13    Int: 10    God:
Gold:   0          SH:  0    Dex: 14    Spells: 4/4 levels left

rFire   . .          .
                       - Unarmed
rCold   . . .        (no shield)
rNeg    . . .        a - +0 leather armour
rPois   .            b - +0 helmet
rElec   .            (no cloak)
rCorr   .            (no gloves)
SInv    .            (no boots)
Will    .....        (no amulet)
Stlth   +            (no ring)
HPRegen 0.27/turn    (no ring)
MPRegen 0.18/turn

%: no teleportation
@: lethally poisoned (-2 -> -10), corroded, on berserk cooldown, slowed, very
slow
A: molten scales 1, magic regeneration
a: no special abilities


You were in the Dungeon.
You visited 1 branch

Inventory:

Missiles
 c - 3 throwing nets (quivered)
 d - a javelin
Armour
 a - a +0 leather armour (worn)
 b - a +0 helmet (worn)
Scrolls
 j - a scroll of blinking
Potions
 e - a potion of curing
 g - a potion of haste
 h - 2 potions of magic


   Skills:
 + Level 5.6 Fighting
 - Level 5.0 Throwing
 - Level 5.0 Dodging
 + Level 5.4 Unarmed Combat


You had 4 spell levels left.
You didn't know any spells.
Your spell library was empty.

Dungeon Overview and Level Annotations

Branches:
Dungeon (1/1)

Altars:


Innate Abilities, Weirdness & Mutations

You are partially covered in molten scales. (AC +2)
You regenerate magic rapidly.


Message History

The howler monkey hoots and howls with incredible vigour!
You punch the howler monkey!
You kill the howler monkey!
Training target 5.0 for Dodging reached!
Your Fighting skill increases to level 5!
Your Dodging skill increases to level 5!
Your Unarmed Combat skill increases to level 5!
You completely miss the jelly. You hit the jelly.
Your hands burn!
The jelly is moderately wounded.
The jelly hits you.
You are splashed with acid!
You punch the jelly! The acid corrodes you!
Your hands burn!
The jelly is severely wounded.
You punch the jelly!
You kill the jelly!
Training target 5.0 for Throwing reached!
Your Throwing skill increases to level 5!
You have reached level 5!
Your demonic ancestry asserts itself...
Molten scales grow over part of your body.
You are too berserk!
The scorpion barely misses you.
There is an open door here.
You see here a howler monkey corpse.
You feel a strong urge to attack something.
There's a creature in the doorway!
You are no longer berserk.
You are exhausted.
You feel yourself slow down. The scorpion stings you.
You see here a bat corpse.
The scorpion attacks as it pursues you! The scorpion barely misses you.
The scorpion stings you.
* * * LOW HITPOINT WARNING * * *
You are lethally poisoned!
The scorpion poisons you!
* * * LOW HITPOINT WARNING * * *
You feel very sick. The scorpion stings you!
You die...

▓▓▓
▓<▓
▓.▓
▓.▓
▓.▓
▓@▓
▓s▓
▓s▓
▓.▓
▓.▓
▓.▓
▓†▓
▓.▓
▓.▓


You could see 2 scorpions.

Vanquished Creatures
  A phantom (D)
  A howler monkey (D)
  A jelly (D)
  A bat (D)
  An endoplasm (D)
  A hobgoblin (D)
  A ball python (D)
  A goblin (D)
8 creatures vanquished.

Notes
Turn   | Place    | Note
-------+----------+-------------------------------------------
     0 | D        | fozzywoppz the Demonspawn Gladiator began the quest for the
                  | Orb.
     0 | D        | Reached XP level 1. HP: 16/16 MP: 1/1
    47 | D        | Noticed a howler monkey
    47 | D        | Noticed a phantom
    47 | D        | Noticed a jelly
    47 | D        | Noticed a scorpion
    47 | D        | Noticed a scorpion
    57 | D        | Killed a phantom
    58 | D        | Gained mutation: You regenerate magic rapidly. [demonic
                  | ancestry]
    58 | D        | Reached XP level 2. HP: 23/26 MP: 2/2
    58 | D        | Reached XP level 3. HP: 27/31 MP: 3/3
    58 | D        | Reached XP level 4. HP: 34/38 MP: 4/4
    60 | D        | Reached skill level 5 in Fighting
    60 | D        | Reached skill level 5 in Dodging
    60 | D        | Reached skill level 5 in Unarmed Combat
    64 | D        | Reached skill level 5 in Throwing
    64 | D        | Gained mutation: You are partially covered in molten
                  | scales. (AC +2) [demonic ancestry]
    64 | D        | Reached XP level 5. HP: 22/45 MP: 5/5
    70 | D        | Slain by a scorpion

Illustrated notes

Levels and vault maps discovered:
D:        linesprint [early_d, line_temple, items_1, d_10, items_2, lair_1,
          lair_end, items_3, orc_1, orc_end, items_4, d_15, swamp_1, shoals_1,
          snake_1, spider_1, d_20, vaults_1, items_5, swamp_end, shoals_end,
          snake_end, spider_end, vaults_end, d_27, items_6, zot_1, zot_end,
          crypt_end, forest_end, elf_end, slime_end, tomb_end, abyss_end,
          pan_hell_end]

Skill      XL: |  1  2  3  4 |
---------------+-------------+-----
Throwing       | 4 5 |  5.0
Dodging        | 4 5 |  5.0
Unarmed Combat | 4 5 |  5.4
Fighting       | 4 5 |  5.6

Action                     |  1- 3 |  4- 6 || total
---------------------------+-------+-------++-------
  Melee: Unarmed           |    32 |     6 ||    38
    Use: Potion            |     2 |       ||     2
 Armour: Leather armour    |    18 |     4 ||    22
  Dodge: Dodged            |    15 |     2 ||    17

Table legend: (Time is in decaauts)
 A = Elapsed time spent in this place.
 B = Non-inter-level travel time spent in this place.
 C = Inter-level travel time spent in this place.
 D = Time resting spent in this place.
 E = Time spent auto-exploring this place.
 F = Levels seen in this place.
 G = Mean time per level.
                   A        B        C        D        E       F      G
               +--------+--------+--------+--------+--------+-----+--------+
         Total |     65 |     65 |      0 |      8 |      0 |   1 |   65.0 |
       Dungeon |     65 |     65 |      0 |      8 |      0 |   1 |   65.0 |
               +--------+--------+--------+--------+--------+-----+--------+

Top non-repeatable levels by time:
       D: 65 daAuts
